 Dungeon Crawl Stone Soup version 0.25-b1-29-g4cfa5c7 (webtiles) character file.

Game seed: 13892594994889501005, levelgen mode: deterministic

4130 Dorkslayer the Slasher (level 10, -10/77 HPs)
             Began as a Demonspawn Fighter on June 4, 2020.
             Was an Elder of Okawaru.
             Killed by divine providence
             ... invoked by an orc priest
              (11 damage)
             ... on level 9 of the Dungeon on June 5, 2020.
             The game lasted 00:34:06 (6997 turns).

Dorkslayer the Slasher (Demonspawn Fighter)         Turns: 6997, Time: 00:34:07

Health: -10/77     AC: 13    Str: 19    XL:     10   Next: 6%
Magic:  0/14       EV:  4    Int: 11    God:    Okawaru [****..]
Gold:   484        SH: 10    Dex: 12    Spells: 9/9 levels left

rFire    + . .     SeeInvis .   a - +1 long sword
rCold    . . .     Gourm    .   c - +0 kite shield
rNeg     . . .     Faith    +   v - +0 plate armour
rPois    .         Spirit   +   (helmet restricted)
rElec    .         Reflect  .   (no cloak)
rCorr    .         Harm     .   (no gloves)
MR       .....                  d - +0 pair of boots
Stlth    ..........             q - amulet of faith
HPRegen  0.22/turn              x - ring of flight
MPRegen  0.28/turn              (no ring)

@: no status effects
A: antennae 2, fire resistance 1, magic shield, magic regeneration, magic link
a: Heroism, Renounce Religion, Evoke Flight


You were on level 9 of the Dungeon.
You worshipped Okawaru.
Okawaru was greatly pleased with you.
You were hungry.

You visited 2 branches of the dungeon, and saw 10 of its levels.
You also visited: Sewer.

You collected 484 gold pieces.

Inventory:

Hand Weapons
 a - a +1 long sword (weapon)
 o - a +0 war axe of flaming
Missiles
 g - a throwing net
 h - 23 boomerangs (quivered)
 u - a javelin
Armour
 c - a +0 kite shield (worn)
 d - a +0 pair of boots (worn)
 v - a +0 plate armour (worn)
Jewellery
 j - a +4 ring of evasion {unknown}
 q - an amulet of faith (around neck)
 x - a ring of flight (left hand)
 C - an uncursed ring of ice {unknown}
Wands
 y - a wand of flame (7)
Scrolls
 i - 5 scrolls of blinking
 k - a scroll of identify
 l - 5 scrolls of amnesia
 p - a scroll of fog
 r - 5 scrolls of teleportation
 s - 3 scrolls of enchant armour
 t - a scroll of enchant weapon
 w - a scroll of magic mapping
Potions
 e - 2 potions of brilliance
 m - 3 potions of flight
 z - a potion of magic
 A - a potion of stabbing
Comestibles
 f - 19 rations


   Skills:
 * Level 6.6 Fighting
 + Level 7.6 Long Blades
 + Level 2.9 Throwing
 + Level 4.7 Armour
 + Level 2.1 Dodging
 + Level 0.1 Stealth
 + Level 5.7 Shields
 * Level 5.7 Invocations
 * Level 4.4 Evocations


You had 9 spell levels left.
You didn't know any spells.
Your spell library was empty.

Dungeon Overview and Level Annotations

Branches:
Dungeon (9/15)             Temple (1/1) D:4           Sewer (visited)
   Lair: D:8-11         Orc: D:9-12

Altars:
Dithmenos
Elyvilon
Hepliaklqana
Kikubaaqudgha
Makhleb
Nemelex Xobeh
Okawaru
Ru
Sif Muna
Trog
Uskayaw
Vehumet
Wu Jian
Xom
Zin


Innate Abilities, Weirdness & Mutations

You have a pair of antennae on your head.
Your flesh is heat resistant. (rF+)
When hurt, damage is shared between your health and your magic reserves.
You regenerate magic rapidly.
When low on magic, you restore magic in place of health.


Message History

* * * LOW HITPOINT WARNING * * *
You hit the orc warrior.
You kill the orc warrior!
Okawaru accepts your kill.
You slash the orc priest!
The orc priest is heavily wounded.
The orc priest hits you but does no damage.
You hit the orc priest.
The orc priest is severely wounded.
The orc priest hits you but does no damage.
Your shield and plate armour prevent you from hitting the orc priest.
The orc priest is severely wounded.
The orc priest calls down the wrath of Beogh upon you.
Beogh smites you!
* * * LOW HITPOINT WARNING * * *
Your shield and plate armour prevent you from hitting the orc priest.
The orc priest is severely wounded.
The orc priest calls down the wrath of Beogh upon you.
Beogh smites you!
You die...

..........# #.....
.........# #.....
........#######.....
###.................
#.................
#.................
+.###'#####.......
#.#.......#.......
#@#.......#...####
#o#.......#...#
#)#.......#...#
#.#.......#...#
.)#.......'...#
..#.......#...#
..#.......#...#
...#.......#...#
#.......#...#


You could see an orc priest.

Vanquished Creatures
  Harold (D:7)
  Maggie (D:9)
  A spriggan (D:8)
  Edmund (D:4)
  Menkaure (D:5)
  A water moccasin (D:7)
  4 ice beasts
  2 sky beasts
  A black bear (D:6)
  2 orc warriors
  An ogre (D:4)
  3 centaurs
  A big kobold (Sewer)
  A bullfrog (D:7)
  A wyvern zombie (D:6)
  A wyvern skeleton (D:9)
  3 scorpions
  A wight (D:7)
  A howler monkey (D:4)
  4 crimson imps
  2 jellies
  A centaur skeleton (D:4)
  4 hounds
  11 orc wizards
  2 orc priests
  2 worker ants
  14 adders
  A river rat (Sewer)
  An ooze (D:3)
  5 worms
  2 dart slugs
  6 leopard geckos
  32 orcs
  A ball python (D:3)
  4 giant cockroaches
  10 goblins
  4 hobgoblins
  23 jackals
  3 kobolds
  3 quokkas
  8 bats
  5 frilled lizards
  A giant cockroach zombie (D:6)
  A jackal zombie (D:4)
  A leopard gecko zombie (D:6)
  10 rats
189 creatures vanquished.

Notes
Turn   | Place    | Note
-------+----------+-------------------------------------------
     0 | D:1      | Dorkslayer the Demonspawn Fighter began the quest for the
                  | Orb.
     0 | D:1      | Reached XP level 1. HP: 18/18 MP: 1/1
   193 | D:1      | Gained mutation: When hurt, damage is shared between your
                  | health and your magic reserves. [demonic ancestry]
   193 | D:1      | Reached XP level 2. HP: 24/24 MP: 2/2
   614 | D:2      | Reached skill level 2 in Long Blades
   616 | D:2      | Gained mutation: You have a pair of small antennae on your
                  | head. [demonic ancestry]
   616 | D:2      | Reached XP level 3. HP: 26/29 MP: 3/3
  1237 | D:2      | Reached XP level 4. HP: 37/37 MP: 2/4
  1365 | D:2      | Reached skill level 1 in Throwing
  1541 | D:3      | Reached skill level 3 in Long Blades
  1541 | D:3      | Gained mutation: You regenerate magic rapidly. [demonic
                  | ancestry]
  1541 | D:3      | Reached XP level 5. HP: 26/42 MP: 3/5
  1939 | D:3      | Found a glowing drain.
  1943 | Sewer    | Entered a sewer
  1954 | Sewer    | Gained mutation: You have a pair of antennae on your head.
                  | [demonic ancestry]
  1954 | Sewer    | Reached XP level 6. HP: 44/48 MP: 6/6
  2062 | Sewer    | Found a white marble altar of Elyvilon.
  2547 | D:4      | Reached skill level 4 in Long Blades
  2667 | D:4      | Gained mutation: When low on magic, you restore magic in
                  | place of health. [demonic ancestry]
  2667 | D:4      | Reached XP level 7. HP: 21/55 MP: 5/7
  2749 | D:4      | Found a staircase to the Ecumenical Temple.
  2768 | Temple   | Entered the Ecumenical Temple
  2774 | Temple   | Became a worshipper of Warmaster Okawaru
  2903 | D:4      | Reached skill level 1 in Dodging
  3351 | D:5      | Entered Level 5 of the Dungeon
  3351 | D:5      | Noticed Edmund
  3401 | D:4      | Killed Edmund
  3401 | D:4      | Reached skill level 5 in Fighting
  3401 | D:4      | Reached skill level 1 in Invocations
  3424 | D:5      | HP: 2/56 [ice beast (7)]
  3432 | D:5      | Reached * piety under Okawaru
  3432 | D:5      | Reached skill level 5 in Long Blades
  3432 | D:5      | Reached skill level 1 in Evocations
  3488 | D:5      | Reached XP level 8. HP: 11/62 MP: 9/9
  4134 | D:5      | Noticed Menkaure
  4140 | D:5      | Killed Menkaure
  4186 | D:5      | Found a radiant altar of Vehumet.
  4365 | D:6      | Found an ancient bone altar of Kikubaaqudgha.
  4388 | D:6      | Found a bloodstained altar of Trog.
  4430 | D:6      | Found a shadowy altar of Dithmenos.
  4465 | D:6      | Found an ornate altar of the Wu Jian Council.
  4569 | D:6      | Reached ** piety under Okawaru
  4582 | D:6      | Reached skill level 5 in Shields
  4882 | D:6      | Reached skill level 6 in Long Blades
  5077 | D:6      | Found a shimmering blue altar of Sif Muna.
  5177 | D:6      | Gained mutation: Your flesh is heat resistant. (rF+)
                  | [demonic ancestry]
  5177 | D:6      | Reached XP level 9. HP: 63/69 MP: 9/11
  5376 | D:7      | Found a burning altar of Makhleb.
  5390 | D:7      | Found a glowing silver altar of Zin.
  5391 | D:7      | Noticed a cacodemon
  5391 | D:7      | Noticed an angel
  5512 | D:7      | Got an ancient mace
  5534 | D:7      | Identified the cursed +0 mace of Attainder {vorpal, rN++
                  | MR- Int+5} (You found it on level 7 of the Dungeon)
  5591 | D:7      | Reached *** piety under Okawaru
  5876 | D:7      | Noticed Harold
  5891 | D:7      | Killed Harold
  5891 | D:7      | Reached skill level 7 in Long Blades
  5891 | D:7      | Reached skill level 5 in Invocations
  6151 | D:8      | Reached **** piety under Okawaru
  6836 | D:9      | Noticed Maggie
  6860 | D:9      | Killed Maggie
  6860 | D:9      | Received a gift from Okawaru
  6860 | D:9      | Reached XP level 10. HP: 53/77 MP: 12/14
  6989 | D:9      | HP: 3/77 [orc warrior/+0 long sword (13)]
  6996 | D:9      | HP: 1/77 [orc priest/divine providence (7)]
  6997 | D:9      | Killed from afar by an orc priest

Illustrated notes

Levels and vault maps discovered:
D:1:      heliophobic_arrival_ceremonial_halls, layout_rooms
D:2:      layout_rooms, minmay_tromino_v2
D:3:      layout_basic, gup_sewer_entry_bowl
D:4:      layout_loops_cross, minmay_temple_entry_statues_fountains,
          first_ration
D:5:      layout_cave_pools, lemuel_statue_altar, uniq_menkaure, uniq_edmund
D:6:      layout_basic, nicolae_overflow_quartered_altars, basic_altar
D:7:      layout_loops_cross, grunt_temple_overflow_order_and_chaos_2,
          chequers_arboretum, kennysheep_windowed_goal, uniq_harold
D:8:      layout_loops_cross, minmay_holes, nrook_uturn, the_bakery,
          minmay_misc_feat_pillars
D:9:      layout_irregular_city, minitemple, uniq_prince_ribbit1, uniq_maggie
Temple:   eino_narrow_crystal_temple

Skill      XL: |  1  2  3  4  5  6  7  8  9 |
---------------+----------------------------+-----
Long Blades    | 2 3 4 5 6 7 |  7.6
Shields        | 3 4 5 |  5.7
Armour         | 3 4 |  4.7
Throwing       | 1 2 |  2.9
Fighting       | 4 5 6 |  6.6
Dodging        | 1 2 |  2.1
Invocations    | 2 3 5 |  5.7
Evocations     | 1 2 4 |  4.4
Stealth        | |  0.1

Action                   |  1- 3 |  4- 6 |  7- 9 | 10-12 || total
-------------------------+-------+-------+-------+-------++-------
Melee: Long sword        |   133 |   217 |   462 |    44 ||   856
Throw: Boomerang         |     2 |     2 |    18 |     4 ||    26
       Javelin           |       |       |    37 |       ||    37
Evoke: Wand              |       |       |    15 |     3 ||    18
  Use: Scroll            |     1 |     7 |     9 |       ||    17
       Potion            |       |     4 |     6 |     3 ||    13
  Eat: Chunk             |     1 |     3 |    10 |       ||    14
       Ration            |       |     1 |     1 |       ||     2
Armor: Chain mail        |    90 |   188 |   128 |       ||   406
       Plate armour      |       |       |    99 |    17 ||   116
Dodge: Dodged            |    27 |    72 |    66 |     6 ||   171
Block: Kite shield       |    81 |   174 |   189 |    13 ||   457
       Rpst.: Long sword |     7 |    15 |    18 |     2 ||    42
